 Dungeon Crawl Stone Soup version 0.26-a0-708-g17f3b19 (webtiles) character file.

Game seed: 12720824344247378832

447557 BarneyGumball the Axe Maniac (level 22, -7/220 HPs)
             Began as a Minotaur Berserker on Oct 28, 2020.
             Was the Champion of Trog.
             Splashed by a caustic shrike's acid (9 damage)
             ... on level 5 of the Depths.
             The game lasted 01:48:09 (55118 turns).

BarneyGumball the Axe Maniac (Minotaur Berserker)  Turns: 55118, Time: 01:48:10

Health: -7/220     AC: 19    Str: 36    XL:     22   Next: 83%
Magic:  21/21      EV: 17    Int:  4    God:    Trog [******]
Gold:   2165       SH:  0    Dex: 12    Spells: 21/21 levels left

rFire    + . .     SeeInvis .   a - +9 executioner's axe (flame)
rCold    + + .     Faith    .   (shield currently unavailable)
rNeg     + . .     Spirit   .   X - +4 plate armour of Pyomunoa {MR+ Str+4}
rPois    .         Reflect  .   T - +2 hat "Zuont" {Slay+2}
rElec    .         Harm     .   r - +0 cloak
rCorr    .         Rampage  .   v - +2 pair of gloves {Str+3}
MR       ++...                  R - +2 pair of boots of the Snake Pit {Str+4}
Stlth    ..........             O - amulet of the acrobat
HPRegen  0.46/turn              B - ring of the Forgotten Mouths {rF+ rC+}
MPRegen  0.17/turn              G - ring of Ylemowk {rC+ rN+ Str-5 Stlth-}

@: about to teleport, corroded, berserk cooldown, slowed, very slow
A: retaliatory headbutt, horns 2
}: 3/15 runes: serpentine, barnacled, abyssal
a: Berserk, Trog's Hand, Brothers in Arms, Renounce Religion


You were on level 5 of the Depths.
You worshipped Trog.
Trog was exalted by your worship.
You visited 7 branches of the dungeon, and saw 40 of its levels.
You visited the Abyss 1 time.

You collected 4648 gold pieces.
You spent 2483 gold pieces at shops.

Inventory:

Hand Weapons
 a - a +9 executioner's axe of flaming (weapon)
 b - a +3 antimagic great mace
 t - a +3 demon whip of venom
 V - the +7 battleaxe "Vobohunu" {flame, rN+}
   (Trog gifted it to you on level 1 of the Snake Pit)

   It has been specially enchanted to burn those struck by it, causing extra
   injury to most foes and up to half again as much damage against particularly
   susceptible opponents.
   Big, fiery blades are also staple armaments of hydra-hunters.
   It protects you from negative energy.
Armour
 r - a +0 cloak (worn)
 v - a +2 pair of gloves of strength (worn)
 z - +0 storm dragon scales
 R - the +2 pair of boots of the Snake Pit (worn) {Str+4}
   (You bought it in a shop on level 1 of the Vaults)

   It affects your strength (+4).
 T - the +2 hat "Zuont" (worn) {Slay+2}
   (You acquired it on level 3 of the Depths)

   It affects your accuracy and damage with ranged weapons and melee attacks
   (+2).
 X - the +4 plate armour of Pyomunoa (worn) {MR+ Str+4}
   (You found it on level 3 of the Depths)

   It affects your strength (+4).
   It affects your resistance to hostile enchantments.
Jewellery
 e - the ring of Immorality {EV+4 Str+5}
   (You acquired it on level 3 of the Snake Pit)

   [ring of evasion]

   It affects your evasion (+4).
   It affects your strength (+5).
 B - the ring of the Forgotten Mouths (left hand) {rF+ rC+}
   (You found it on level 7 of the Dungeon)

   [ring of protection from cold]

   It protects you from fire.
   It protects you from cold.
 G - the ring of Ylemowk (right hand) {rC+ rN+ Str-5 Stlth-}
   (You found it on level 1 of the Shoals)

   [ring of attention]

   It affects your strength (-5).
   It protects you from cold.
   It protects you from negative energy.
   It makes you less stealthy.
 O - an amulet of the acrobat (around neck)
 Q - an uncursed ring of positive energy
 W - an uncursed ring of see invisible
Wands
 s - a wand of iceblast (60)
 E - a wand of polymorph (23)
 F - a wand of flame (78)
 H - a wand of random effects (90)
 J - a wand of paralysis (18)
 L - a wand of enslavement (32)
 N - a wand of digging (6)
 Y - a wand of acid (19)
Scrolls
 c - 2 scrolls of immolation
 d - a scroll of summoning
 f - 20 scrolls of remove curse
 g - a scroll of enchant weapon
 h - 8 scrolls of fog
 k - 5 scrolls of blinking
 o - 2 scrolls of holy word
 q - 25 scrolls of teleportation
 u - 6 scrolls of fear
 x - 8 scrolls of magic mapping
 y - 17 scrolls of identify
 C - 4 scrolls of brand weapon
 K - 10 scrolls of enchant armour
Potions
 i - 5 potions of mutation
 j - a potion of resistance
 l - 2 potions of haste
 m - 12 potions of lignification
 p - 4 potions of heal wounds
 w - 5 potions of magic
 A - 5 potions of flight
 D - 8 potions of curing
 I - 2 potions of berserk rage
 M - 2 potions of stabbing
 P - 3 potions of invisibility
 S - 2 potions of ambrosia
 U - 4 potions of cancellation


   Skills:
 * Level 23.1 Fighting
 O Level 27 Axes
 + Level 20.7 Armour
 + Level 16.0 Dodging
   Level 4.0 Shields
 - Level 7.1 Evocations


You had 21 spell levels left.
You didn't know any spells.
Your spell library was empty.

Dungeon Overview and Level Annotations

Branches:
Dungeon (15/15)            Temple (0/1) D:6            Lair (6/6) D:8
 Shoals (4/4) Lair:2        Snake (4/4) Lair:4        Slime (0/5) Lair:6
    Orc (2/2) D:11            Elf (0/3) Orc:2        Vaults (4/5) D:14
  Crypt (0/3) Vaults:3     Depths (5/5) D:15
    Zot: Depths:5

Altars:
Cheibriados
Elyvilon
Gozag
Hepliaklqana
Kikubaaqudgha
Makhleb
Qazlal
Trog
The Shining One
Beogh

Shops:
D:5 *   D:9 (   D:11 [   Orc:2 [}?:*}   Shoals:4 =   Snake:1 [   Snake:3 *
Snake:4 (   Vaults:1 (}[!   Vaults:4 (**:*   Depths:2 (

Portals:
Hell: Depths:1 Depths:2 Depths:3 Depths:4
Abyss: Depths:1 Depths:4
Ziggurat: Depths:4
Bazaar: Vaults:3

Annotations:
D:6 3 runed translucent doors, BarneyGumball's ghost, novice DDMo
Lair:4 exclusion: 3 oklob plants
Snake:2 2 transporters, Maodom's ghost, adept DrTm
Snake:3 3 runed translucent doors, exclusion: obsidian statue, DarkSavant's ghost, adept DsFi
Depths:1 1 runed translucent door, exclusion: orange crystal statue
Depths:4 2 transporters


Innate Abilities, Weirdness & Mutations

You reflexively headbutt those who attack you in melee.
You have a pair of horns on your head.


Message History

The fire dragon is moderately wounded.
You slash the caustic shrike! You burn the caustic shrike.
You slice the caustic shrike!! You burn the caustic shrike.
You are no longer berserk.
You are exhausted.
You feel yourself slow down.
The caustic shrike completely misses you.
The caustic shrike misses you. You furiously retaliate!
You headbutt the caustic shrike!
As you read the scroll of teleportation, it crumbles to dust.
You feel strangely unstable. The caustic shrike claws you!!
* * * LOW HITPOINT WARNING * * *
The acid corrodes you!
You are splashed with acid!
* * * LOW HITPOINT WARNING * * *
The caustic shrike barely misses you. The caustic shrike closely misses you.
You furiously retaliate!
You headbutt the caustic shrike. The caustic shrike claws you!
* * * LOW HITPOINT WARNING * * *
You are splashed with acid!
You die...

#........
#.......
#......#
#..#...###
#........#
#...b...##
#........# #
#....bbD.#...#
#.....@.......
#.........#...
#.....#..## ..
#.##..#.... #.
..###.#.. #
..# .#....
.ยงยง .# ...
#... .# ##


You could see 3 caustic shrikes and a fire dragon.

Vanquished Creatures
  Saint Roka (Depths:4)
  A caustic shrike (Depths:5)
  A golden dragon (Depths:4)
  Nikola (Snake:1)
  The ghost of Bismoefala the Stormcaller, an adept DsWz of Sif Muna (Shoals:1)
  Rupert (Lair:3)
  Asterion (Vaults:2)
  3 liches
  Gastronok (D:11)
  A tentacled starspawn (Abyss:3)
  An ancient champion (Depths:1)
  3 sphinxes
  The ghost of Hienro the Cleaver, an adept GnBe of Trog (Shoals:1)
  Kirke (Snake:3)
  A revenant (Vaults:3)
  A storm dragon (Depths:3)
  10 nagarajas
  Donald (Snake:3)
  2 fire giants
  Louise (D:14)
  A deep elf sorcerer (Vaults:2)
  Aizul (Snake:1)
  8 vault wardens
  7 ironheart preservers
  5 spriggan defenders
  The ghost of hair the Spear-Bearer, a journeyman DsGl of Hepliaklqana (Shoals:1)
  11 very ugly things
  Nessos (Orc:1)
  11 stone giants
  2 vampire knights
  A dire elephant (Lair:6)
  3 eidola (D:14)
  3 spark wasps (Depths:1)
  2 merfolk javelineers (Shoals:4)
  The ghost of alziosalvatore the Cleaver, a journeyman HuBe of Trog (Shoals:1)
  Snorg (Lair:3)
  Josephine (D:14)
  2 merfolk impalers
  3 crystal guardians
  5 fire dragons
  10 ettins
  9 yaktaur captains
  9 ogre magi
  5 great orbs of eyes
  7 rakshasas
  The ghost of Sazirom the Grappler, a journeyman DrTm of Makhleb (D:11)
  18 naga warriors
  Harold (D:7)
  3 ice dragons
  8 vault guards
  3 spriggan air magi
  A hell beast (Depths:1)
  12 boulder beetles
  3 catoblepae
  13 hydras
  34 two-headed ogres
  2 merfolk aquamancers
  A merfolk avatar (Shoals:2)
  Erica (D:8)
  3 alligator snapping turtles
  6 death knights
  14 anacondas
  19 centaur warriors
  15 death yaks
  7 deep troll shamans
  A satyr (Shoals:4)
  2 tengu warriors
  A vampire mage (Depths:3)
  16 naga sharpshooters
  6 shock serpents
  3 deep troll earth magi
  A hell knight (D:13)
  A spriggan berserker (Depths:4)
  A thrashing horror (Abyss:3)
  Nergalle (Lair:1)
  A sun demon (Depths:1)
  5 deep elf knights
  3 wretched stars (Abyss:3)
  8 skeletal warriors
  A storm dragon zombie (Vaults:4)
  5 sea snakes
  20 deep trolls
  4 glowing orange brains
  3 starcursed masses (Abyss:3)
  5 salamander mystics
  3 spriggan druids (Depths:2)
  A deep troll (shapeshifter) (Vaults:1)
  A swamp dragon (Lair:6)
  6 deep elf archers
  2 flayed ghosts (Abyss:3)
  3 unseen horrors
  12 ironbrand convokers
  3 necromancers
  16 naga ritualists
  3 wizards
  8 deep elf magi
  4 phantasmal warriors
  A wolf spider zombie (D:14)
  4 orc sorcerers
  16 orc knights
  5 wolf spiders
  17 harpies
  11 mana vipers
  A frost giant zombie (D:15)
  A tengu skeleton (Vaults:4)
  6 cyclopes
  32 ugly things
  9 fauns
  6 manticores
  A sphinx skeleton (D:15)
  9 centaur zombies
  3 guardian serpents
  A rust devil (Depths:1)
  3 water nymphs (Shoals:4)
  13 salamanders
  A fire giant skeleton (Abyss:3)
  14 vault sentinels
  49 black mambas
  An elephant (shapeshifter) (Vaults:4)
  6 elephants
  5 merfolk sirens
  Maurice (Orc:2)
  26 naga magi
  A gargoyle (D:13)
  An efreet (D:15)
  A kobold demonologist (D:15)
  10 cane toads
  51 yaktaurs
  11 komodo dragons
  5 rime drakes
  7 freezing wraiths
  A human skeleton (Vaults:4)
  3 tengu conjurers
  A troll (shapeshifter) (Vaults:1)
  8 trolls
  A silent spectre (Abyss:3)
  A hellwing (Abyss:3)
  A wind drake (shapeshifter) (Depths:1)
  15 merfolk
  Grinder (D:4)
  3 meliai (D:15)
  A queen bee (shapeshifter) (Vaults:2)
  5 polar bears
  5 wind drakes
  15 hornets
  A harpy skeleton (D:14)
  A raiju (shapeshifter) (D:13)
  9 dream sheep (Lair:6)
  32 slime creatures
  5 large abominations (Abyss:3)
  2 blink frogs (shapeshifter)
  8 blink frogs
  A dream sheep (shapeshifter) (Vaults:4)
  3 snapping turtles
  2 vampires
  A fire dragon zombie (D:15)
  4 flying skulls (D:14)
  3 shadows
  An ettin zombie (Vaults:4)
  An ice dragon skeleton (D:15)
  10 water elementals
  16 spriggans
  A fire bat (Abyss:3)
  A human (shapeshifter) (D:15)
  A yak (shapeshifter) (Depths:2)
  6 hogs (Snake:3)
  8 wraiths
  10 wyverns
  29 yaks
  A fire bat (shapeshifter) (Vaults:3)
  4 basilisks
  A basilisk (shapeshifter) (Vaults:2)
  2 small abominations (Abyss:3)
  A neqoxec (Abyss:3)
  A chaos spawn (Abyss:3)
  A steam dragon (Lair:6)
  8 vampire mosquitoes
  Menkaure (D:7)
  53 nagas
  A soldier ant (D:13)
  5 wargs
  A soldier ant (shapeshifter) (Vaults:1)
  2 acid dragons
  20 water moccasins
  Duvessa (D:7)
  A floating eye (Abyss:3)
  8 ice beasts
  50 orc warriors
  2 swamp drakes (Lair:6)
  3 sky beasts
  5 black bears
  An eye of draining (D:14)
  A human zombie (Vaults:4)
  A spriggan simulacrum (Depths:1)
  21 wolves
  5 phantoms
  20 centaurs
  4 boggarts (Vaults:1)
  35 ogres
  3 big kobolds
  25 bullfrogs
  2 wyvern zombies (D:14)
  A gnoll sergeant (D:10)
  Dowan (D:7)
  3 wyvern skeletons
  9 scorpions
  A human simulacrum (Vaults:2)
  14 killer bees
  30 wights
  9 howler monkeys
  8 bullfrog zombies
  2 hounds
  11 centaur skeletons
  20 orc wizards
  16 orc priests
  An iron imp (Abyss:3)
  3 jellies
  3 bullfrog skeletons
  9 iguanas
  9 hell rats (Lair:2)
  11 worker ants
  A hound zombie (D:5)
  A hound skeleton (D:7)
  A howler monkey skeleton (D:8)
  4 gnolls (D:10)
  16 river rats (Lair:2)
  10 adders
  4 white imps
  An ufetubus (D:5)
  An ooze (D:4)
  2 adder zombies
  A dart slug (D:5)
  7 leopard geckos
  98 orcs
  2 bats
  5 giant cockroaches
  5 hobgoblins
  29 jackals
  13 kobolds
  7 quokkas
  5 ball pythons
  2 frilled lizards (D:2)
  6 goblins
  A quokka skeleton (D:7)
  17 rats
  A starspawn tentacle (Abyss:3)
1696 creatures vanquished.

Vanquished Creatures (collateral kills)
  Jorgrun (D:14)
  A merfolk avatar (Shoals:4)
  A centaur zombie (D:14)
  A water nymph (Shoals:4)
  2 gargoyles
  A centaur skeleton (D:14)
  2 trolls (D:8)
  A wind drake (Shoals:4)
  A snapping turtle (Shoals:4)
  A basilisk (D:14)
  2 orc priests (D:14)
  2 orc wizards (D:14)
  An orc (D:8)
17 creatures vanquished.

Vanquished Creatures (others)
  An ironheart preserver (Vaults:1)
  A merfolk siren (Shoals:4)
  A yaktaur (Depths:1)
  A warg (Orc:2)
  2 orcs
  A bush (Lair:6)
  41 fungi
  90 plants
  3 starspawn tentacles (Abyss:3)
  3 withered plants (D:15)
144 creatures vanquished.

Grand Total: 1857 creatures vanquished

Notes
Turn   | Place    | Note
-------+----------+-------------------------------------------
     0 | D:1      | BarneyGumball the Minotaur Berserker began the quest for
                  | the Orb.
     0 | D:1      | Reached XP level 1. HP: 19/19 MP: 0/0
   261 | D:1      | Reached XP level 2. HP: 21/27 MP: 1/1
   390 | D:1      | Reached skill level 4 in Axes
   481 | D:1      | Reached ** piety under Trog
   720 | D:2      | Reached XP level 3. HP: 21/33 MP: 2/2
  1049 | D:2      | Reached XP level 4. HP: 36/40 MP: 3/3
  1751 | D:3      | Reached *** piety under Trog
  2186 | D:4      | Reached XP level 5. HP: 46/47 MP: 4/4
  2224 | D:4      | Noticed Grinder
  2227 | D:4      | Noticed an ogre
  2246 | D:4      | Killed an ogre
  2246 | D:4      | Reached skill level 5 in Fighting
  2246 | D:4      | Reached skill level 5 in Axes
  2260 | D:4      | Killed Grinder
  2260 | D:4      | Reached skill level 6 in Axes
  2260 | D:4      | Reached XP level 6. HP: 46/57 MP: 5/5
  2429 | D:4      | Reached skill level 7 in Axes
  2429 | D:4      | Reached XP level 7. HP: 63/63 MP: 6/6
  2494 | D:4      | Reached skill level 8 in Axes
  2978 | D:4      | Reached skill level 9 in Axes
  2978 | D:4      | Reached XP level 8. HP: 57/73 MP: 7/7
  3385 | D:5      | Entered Level 5 of the Dungeon
  3703 | D:5      | Reached **** piety under Trog
  3950 | D:5      | Found Asetraoxu's General Store.
  3953 | D:5      | Bought a scroll of enchant weapon for 105 gold pieces
  3953 | D:5      | Bought a potion of heal wounds for 70 gold pieces
  3953 | D:5      | Bought a scroll of teleportation for 42 gold pieces
  4032 | D:5      | Reached skill level 10 in Axes
  4032 | D:5      | Reached skill level 5 in Armour
  4677 | D:6      | Identified the +7 whip "Gethanoitt" {chaos, +Fly rPois rC-}
  4753 | D:6      | Found a staircase to the Ecumenical Temple.
  4811 | D:6      | Found a runed translucent gate.
  4812 | D:6      | Found a runed translucent gate.
  4813 | D:6      | Found a runed translucent gate.
  4816 | D:6      | Noticed BarneyGumball's ghost (novice DDMo)
  5016 | D:7      | Reached XP level 9. HP: 79/82 MP: 8/8
  5257 | D:7      | Reached skill level 11 in Axes
  5353 | D:7      | Reached skill level 1 in Shields
  5444 | D:7      | Noticed Duvessa
  5460 | D:7      | Killed Duvessa
  5460 | D:7      | Reached ***** piety under Trog
  5466 | D:7      | Noticed Dowan
  5469 | D:7      | Killed Dowan
  5525 | D:7      | Got a translucent glass ring
  5549 | D:7      | Identified the ring of the Forgotten Mouths {rF+ rC+} (You
                  | found it on level 7 of the Dungeon)
  5572 | D:7      | Noticed Menkaure
  5578 | D:7      | Noticed Harold
  5583 | D:7      | Killed Menkaure
  5589 | D:7      | Killed Harold
  5589 | D:7      | Reached skill level 12 in Axes
  5896 | D:7      | Noticed a cyclops
  6317 | D:8      | Found a staircase to the Lair.
  6326 | D:8      | Reached XP level 10. HP: 77/91 MP: 9/9
  6496 | D:8      | Noticed Erica
  6532 | D:8      | Reached skill level 10 in Fighting
  6576 | D:8      | Noticed a brown ugly thing
  6590 | D:8      | Found a snail-covered altar of Cheibriados.
  6598 | D:8      | Killed a brown ugly thing
  6598 | D:8      | Reached skill level 13 in Axes
  6601 | D:8      | Found a hazy altar of Hepliaklqana.
  6601 | D:8      | Found an ancient bone altar of Kikubaaqudgha.
  6601 | D:8      | Found a bloodstained altar of Trog.
  6678 | D:8      | Noticed a gargoyle
  6697 | D:8      | Killed a gargoyle
  6833 | D:8      | Killed Erica
  6835 | D:8      | Received a gift from Trog
  7353 | D:9      | Found Urueg's Antique Weapon Boutique.
  7632 | D:9      | Noticed a two-headed ogre
  7638 | D:9      | Killed a two-headed ogre
  7638 | D:9      | Reached skill level 14 in Axes
  7638 | D:9      | Reached XP level 11. HP: 100/101 MP: 10/10
  7704 | D:9      | Found a stormy altar of Qazlal.
  8107 | D:10     | Entered Level 10 of the Dungeon
  8438 | D:10     | Killed an unseen horror
  8764 | D:10     | Killed an unseen horror
  8918 | D:10     | Noticed a two-headed ogre
  8922 | D:10     | Killed a two-headed ogre
  8922 | D:10     | Reached skill level 10 in Armour
  9596 | Lair:1   | Entered Level 1 of the Lair of Beasts
  9659 | Lair:1   | Noticed Nergalle
  9665 | Lair:1   | Killed Nergalle
  9665 | Lair:1   | Reached skill level 15 in Axes
 10445 | Lair:1   | Reached XP level 12. HP: 96/112 MP: 11/11
 10881 | Lair:1   | Noticed a four-headed hydra
 10889 | Lair:1   | Killed a four-headed hydra
 10889 | Lair:1   | Reached skill level 16 in Axes
 11571 | Lair:2   | Found a staircase to the Shoals.
 11706 | Lair:2   | Received a gift from Trog
 13081 | Lair:3   | Reached skill level 17 in Axes
 13087 | Lair:3   | You fall into a shaft and drop 2 floors!
 13154 | Lair:5   | Noticed a six-headed hydra
 13159 | Lair:5   | Killed a six-headed hydra
 13220 | Lair:5   | Noticed a four-headed hydra
 13228 | Lair:5   | Killed a four-headed hydra
 13590 | Lair:5   | Received a gift from Trog
 14198 | Lair:5   | Noticed a death yak
 14198 | Lair:5   | Noticed a death yak
 14199 | Lair:5   | Noticed a death yak
 14208 | Lair:5   | Killed a death yak
 14208 | Lair:5   | Reached XP level 13. HP: 122/122 MP: 12/12
 14549 | Lair:6   | Entered Level 6 of the Lair of Beasts
 14906 | Lair:4   | Found a staircase to the Snake Pit.
 14922 | Lair:4   | Reached skill level 18 in Axes
 16477 | Lair:3   | Noticed Snorg
 16490 | Lair:3   | Killed Snorg
 16742 | Lair:3   | Noticed Rupert
 16758 | Lair:3   | Killed Rupert
 17486 | D:11     | Noticed Sazirom's ghost (journeyman DrTm)
 17488 | D:11     | Found a runed translucent door.
 17552 | D:11     | Found a staircase to the Orcish Mines.
 17562 | D:11     | Noticed Gastronok
 17570 | D:11     | Killed Gastronok
 17570 | D:11     | Reached skill level 19 in Axes
 17888 | D:11     | Found a burning altar of Makhleb.
 18053 | D:11     | Identified the +1 spear "Dessukk" {freeze, rF+}
 18062 | D:11     | Received a gift from Trog
 18074 | D:11     | Killed Sazirom's ghost
 18154 | D:11     | Found Carimiga's Antique Armour Shoppe.
 18381 | Lair:4   | Got a jewelled scale mail
 18392 | Lair:4   | Identified the cursed +1 scale mail of Kleptomania {+Blink
                  | Regen+ Dex-3} (You found it on level 4 of the Lair of
                  | Beasts)
 18878 | D:12     | Reached XP level 14. HP: 133/133 MP: 13/13
 19062 | D:12     | Reached skill level 1 in Evocations
 19585 | D:12     | Paralysed by a hornet for 1 turns
 19750 | D:12     | Identified the cursed +2 hand axe "Raohured" {vorpal, +Inv}
 20040 | Orc:1    | Entered Level 1 of the Orcish Mines
 20213 | Orc:1    | Reached skill level 20 in Axes
 20277 | Orc:1    | Received a gift from Trog
 20788 | Orc:2    | Entered Level 2 of the Orcish Mines
 20788 | Orc:2    | Noticed Nessos
 20991 | Orc:1    | Reached ****** piety under Trog
 21253 | Orc:1    | Killed Nessos
 21754 | Orc:2    | Found Xyitzer's Gadget Shop.
 21774 | Orc:2    | Found Surogoel's Antique Armour Shoppe.
 21777 | Orc:2    | Found a staircase to the Elven Halls.
 21874 | Orc:2    | Noticed Maurice
 21878 | Orc:2    | Killed Maurice
 21936 | Orc:2    | Received a gift from Trog
 22045 | Orc:2    | Found Coikel's Book Emporium.
 22045 | Orc:2    | Found Woimio's Assorted Antiques.
 22047 | Orc:2    | Found Osoywn's Gadget Boutique.
 22049 | Orc:2    | Found Arorudui's Magic Scroll Shoppe.
 22054 | Orc:2    | Bought a scroll of blinking for 262 gold pieces
 22061 | Orc:2    | Bought a scroll of summoning for 133 gold pieces
 22061 | Orc:2    | Bought a scroll of fog for 28 gold pieces
 22061 | Orc:2    | Bought a scroll of teleportation for 42 gold pieces
 22061 | Orc:2    | Bought a scroll of enchant armour for 105 gold pieces
 22061 | Orc:2    | Bought a scroll of acquirement for 728 gold pieces
 22061 | Orc:2    | Acquired the +9 battleaxe "Zeysu" {vorpal, Str+5 Int+6}
 22261 | Orc:1    | Found a roughly hewn altar of Beogh.
 22761 | Lair:6   | Reached skill level 5 in Evocations
 22961 | Lair:6   | Found a staircase to the Slime Pits.
 22998 | Lair:6   | Reached skill level 21 in Axes
 23067 | Lair:6   | Reached XP level 15. HP: 99/139 MP: 14/14
 23185 | Lair:6   | Received a gift from Trog
 25093 | D:13     | Received a gift from Trog
 25457 | D:13     | Reached skill level 22 in Axes
 25589 | D:13     | Noticed a sphinx
 25599 | D:13     | Killed a sphinx
 25603 | D:13     | Reached skill level 15 in Fighting
 26185 | D:14     | Noticed Louise
 26195 | D:14     | Killed Louise
 26324 | D:14     | Reached skill level 5 in Dodging
 26344 | D:14     | Received a gift from Trog
 26488 | D:14     | Reached XP level 16. HP: 59/149 MP: 15/15
 26860 | D:14     | Noticed Jorgrun
 26865 | D:14     | Killed Jorgrun
 27211 | D:14     | Paralysed by an ogre mage for 4 turns
 27231 | D:14     | Noticed Josephine
 27237 | D:14     | Received a gift from Trog
 27255 | D:14     | Reached skill level 23 in Axes
 27259 | D:14     | Killed Josephine
 27560 | D:14     | Found a gate to the Vaults.
 27763 | D:14     | Reached skill level 15 in Armour
 27775 | D:15     | Entered Level 15 of the Dungeon
 28015 | D:15     | Reached XP level 17. HP: 158/158 MP: 16/16
 28141 | D:15     | Found a staircase to the Depths.
 28977 | Snake:1  | Entered Level 1 of the Snake Pit
 29080 | Snake:1  | Noticed Nikola
 29089 | Snake:1  | Killed Nikola
 29472 | Snake:1  | Reached skill level 24 in Axes
 29508 | Snake:1  | Received a gift from Trog
 29509 | Snake:1  | Got a brightly glowing battleaxe {god gift}
 29628 | Snake:1  | Identified the +7 battleaxe "Vobohunu" {flame, rN+} (Trog
                  | gifted it to you on level 1 of the Snake Pit)
 29727 | Snake:1  | Noticed Aizul
 29737 | Snake:1  | Killed Aizul
 30259 | Snake:1  | Found an opulent altar of Gozag.
 30669 | Snake:1  | Found Qemywn's Antique Armour Emporium.
 30714 | Snake:2  | Reached XP level 18. HP: 163/168 MP: 17/17
 31565 | Snake:2  | Found a transporter.
 31567 | Snake:2  | Noticed Maodom's ghost (adept DrTm)
 31569 | Snake:2  | Found a transporter.
 32730 | Snake:3  | Noticed Kirke
 32754 | Snake:3  | Killed Kirke
 33161 | Snake:3  | Received a gift from Trog
 33212 | Snake:3  | Acquired the ring of Immorality {EV+4 Str+5}
 33395 | Snake:3  | Found a runed translucent gate.
 33395 | Snake:3  | Found a runed translucent gate.
 33395 | Snake:3  | Found a runed translucent gate.
 33397 | Snake:3  | Found an opulent altar of Gozag.
 33398 | Snake:3  | Noticed DarkSavant's ghost (adept DsFi)
 33400 | Snake:3  | Found Sokoiw's Assorted Antiques.
 33416 | Snake:3  | Noticed Donald
 33427 | Snake:3  | Killed Donald
 33778 | Snake:4  | Entered Level 4 of the Snake Pit
 34584 | Snake:4  | Reached skill level 25 in Axes
 34600 | Snake:4  | Reached skill level 10 in Dodging
 34613 | Snake:4  | Received a gift from Trog
 36242 | Snake:4  | Reached XP level 19. HP: 166/177 MP: 18/18
 36697 | Snake:4  | Received a gift from Trog
 37086 | Snake:4  | Found Noseag's Antique Weapon Emporium.
 38012 | Snake:4  | Got a serpentine rune of Zot
 38341 | Shoals:1 | Entered Level 1 of the Shoals
 38744 | Shoals:1 | Received a gift from Trog
 38918 | Shoals:1 | Found a runed translucent gate.
 38932 | Shoals:1 | Found a runed translucent gate.
 38932 | Shoals:1 | Found a runed translucent gate.
 38934 | Shoals:1 | Noticed Hienro's ghost (adept GnBe)
 38934 | Shoals:1 | Noticed Bismoefala's ghost (adept DsWz)
 38935 | Shoals:1 | Noticed hair's ghost (journeyman DsGl)
 38935 | Shoals:1 | Noticed alziosalvatore's ghost (journeyman HuBe)
 38948 | Shoals:1 | Killed Hienro's ghost
 38950 | Shoals:1 | Killed hair's ghost
 38953 | Shoals:1 | Killed alziosalvatore's ghost
 38965 | Shoals:1 | Killed Bismoefala's ghost
 38986 | Shoals:1 | Got a sparkling platinum ring
 38997 | Shoals:1 | Identified the ring of Ylemowk {rC+ rN+ Str-5 Stlth-} (You
                  | found it on level 1 of the Shoals)
 39815 | Shoals:4 | Entered Level 4 of the Shoals
 40154 | Shoals:4 | Reached skill level 26 in Axes
 40539 | Shoals:4 | Found Meulor's Jewellery Shoppe.
 40984 | Shoals:4 | Received a gift from Trog
 41020 | Shoals:4 | HP: 2/179 [merfolk javelineer/javelin (17)]
 41031 | Shoals:4 | HP: 8/179 [merfolk javelineer/javelin (9)]
 41594 | Shoals:4 | Got a barnacled rune of Zot
 41903 | Vaults:1 | Entered Level 1 of the Vaults
 42102 | Vaults:1 | Found Vynunya's Distillery.
 42118 | Vaults:1 | Bought a potion of heal wounds for 75 gold pieces
 42118 | Vaults:1 | Bought a potion of haste for 150 gold pieces
 42118 | Vaults:1 | Bought a potion of heal wounds for 75 gold pieces
 42118 | Vaults:1 | Bought a potion of curing for 45 gold pieces
 42118 | Vaults:1 | Bought a potion of curing for 45 gold pieces
 42118 | Vaults:1 | Bought a potion of heal wounds for 75 gold pieces
 42175 | Vaults:1 | Reached XP level 20. HP: 176/189 MP: 19/19
 42482 | Vaults:1 | Found a white marble altar of Elyvilon.
 42494 | Vaults:1 | Received a gift from Trog
 43152 | Vaults:1 | Found Moxab's Antique Armour Emporium.
 43156 | Vaults:1 | Bought a pair of transparent boots for 294 gold pieces
 43166 | Vaults:1 | Identified the +2 pair of boots of the Snake Pit {Str+4}
                  | (You bought it in a shop on level 1 of the Vaults)
 43224 | Vaults:1 | Found Pytiytau's Gadget Shop.
 43339 | Vaults:1 | Found Teanga Rano's Antique Weapon Shoppe.
 43577 | Vaults:1 | Received a gift from Trog
 44210 | Vaults:2 | Found a hazy altar of Hepliaklqana.
 45172 | Vaults:2 | Reached skill level 27 in Axes
 45312 | Vaults:2 | Received a gift from Trog
 45376 | Vaults:2 | Noticed Asterion
 45393 | Vaults:2 | Killed Asterion
 46368 | Vaults:3 | Found a gateway to a bazaar.
 46396 | Vaults:3 | Reached XP level 21. HP: 196/200 MP: 20/20
 46725 | Vaults:3 | Found a staircase to the Crypt.
 47160 | Vaults:3 | Received a gift from Trog
 48300 | Vaults:4 | Received a gift from Trog
 49023 | Vaults:4 | Found Lihakadd's Antique Weapon Boutique.
 49351 | Vaults:4 | Found Yniaq's General Store.
 49352 | Vaults:4 | Found Esaishoa's Book Shoppe.
 49391 | Vaults:4 | Bought a potion of invisibility for 152 gold pieces
 49391 | Vaults:4 | Bought a scroll of teleportation for 57 gold pieces
 49399 | Vaults:4 | Found Evvaot's General Store.
 49420 | Vaults:4 | Found Itute's Assorted Antiques.
 49650 | Depths:1 | Entered Level 1 of the Depths
 49820 | Depths:1 | Received a gift from Trog
 49929 | Depths:1 | Found a runed translucent door.
 50082 | Depths:1 | Found a glowing golden altar of the Shining One.
 50093 | Depths:1 | Found a one-way gate to the infinite horrors of the Abyss.
 50569 | Depths:1 | Found a gateway to Hell.
 51170 | Depths:2 | Found Weymp's Antique Weapon Boutique.
 51353 | Depths:2 | Reached XP level 22. HP: 197/214 MP: 21/21
 51460 | Depths:2 | Reached skill level 15 in Dodging
 51842 | Depths:2 | Cast into level 3 of the Abyss (spriggan defender)
 51882 | Abyss:3  | Noticed an ancient lich
 51899 | Abyss:3  | Found a corrupted altar of Lugonu.
 51929 | Abyss:3  | Found a corrupted altar of Lugonu.
 51989 | Abyss:3  | Received a gift from Trog
 52039 | Abyss:3  | Lost intelligence.
 52302 | Abyss:3  | Got an abyssal rune of Zot
 52308 | Depths:2 | Escaped the Abyss
 53099 | Depths:3 | Received a gift from Trog
 53538 | Depths:3 | You fall into a shaft and drop 1 floor!
 53743 | Depths:3 | Got a bloodstained plate armour
 53744 | Depths:3 | Identified the +4 plate armour of Pyomunoa {MR+ Str+4} (You
                  | found it on level 3 of the Depths)
 53745 | Depths:3 | Acquired the +2 hat "Zuont" {Slay+2}
 54215 | Depths:4 | Noticed Saint Roka
 54231 | Depths:4 | Killed Saint Roka
 54319 | Depths:4 | Found a transporter.
 54551 | Depths:4 | Found a transporter.
 54554 | Depths:4 | Noticed a golden dragon
 54563 | Depths:4 | Killed a golden dragon
 54692 | Depths:4 | Found a gateway to a ziggurat.
 55102 | Depths:5 | Entered Level 5 of the Depths
 55104 | Depths:5 | Noticed a caustic shrike
 55104 | Depths:5 | Noticed a caustic shrike
 55104 | Depths:5 | Noticed a caustic shrike
 55114 | Depths:5 | Noticed a caustic shrike
 55116 | Depths:5 | Killed a caustic shrike
 55118 | Depths:5 | HP: 2/220 [caustic shrike (10)]
 55118 | Depths:5 | Splashed by a caustic shrike's acid

Illustrated notes

Levels and vault maps discovered:
D:1:      minmay_arrival_stair_chambers, layout_basic
D:2:      layout_basic
D:3:      layout_loops_ring, patterned_corridor
D:4:      layout_basic, uniq_grinder
D:5:      layout_loops_cross, serial_shops, kennysheep_mini
D:6:      layout_cave_pools, minmay_temple_entry_statues_fountains,
          gammafunk_ghost_nasty_kobolds
D:7:      layout_basic, st_stairs_5, uniq_menkaure, uniq_duvessa, uniq_harold
D:8:      minmay_the_grid_octo_triangle [minmay_the_grid_octo_shrine,
          minmay_the_grid_octo_prize_big_c, minmay_the_grid_octo_checkerflower],
          layout_basic, minmay_lair_entry_grove, eino_jars, uniq_erica
D:9:      layout_basic, nicolae_overflow_hidden_temple, serial_shops, shop
D:10:     layout_grid_maze
D:11:     layout_basic, orc_0_dummy, serial_shops, nicolae_shop_behind_doors,
          ebering_ghost_funeral_grove, bloody_makhleb, uniq_gastronok
D:12:     layout_loops_ring, wad_dig_loot
D:13:     minmay_nested_s, layout_long_grid
D:14:     hangedman_screamer, layout_gridville,
          hangedman_vaults_entry_quadrant_bands, uniq_jorgrun, uniq_josephine,
          uniq_louise
D:15:     gammafunk_depths_entry_grave, layout_loops_ring,
          grunt_decor_resistance, item_on_display_a
Lair:1:   layout_long_grid, serial_bayou_crossing, uniq_nergalle
Lair:2:   lemuel_ratsnest, layout_chaotic_city,
          minmay_shoals_entry_lonely_mermaid
Lair:3:   layout_chaotic_city, st_stairs_5, infiniplex_staircase_pool_2,
          uniq_rupert, uniq_snorg
Lair:4:   layout_long_grid, minmay_snake_entry_guardpost_medium,
          minmay_lair_oklob_chamber
Lair:5:   layout_cave_pods, grunt_forest_stairs_clearing
Lair:6:   guppyfry_lair_end_dragon, layout_small_grid, hangedman_lair_in_review,
          slime_dummy, infiniplex_staircase_pool, lemuel_fruit_fields
Shoals:1: layout_shoals, gammafunk_ghost_cemetery
Shoals:2: cheibrodos_shoals_epimethial_gifts, layout_shoals, uniq_frances
Shoals:3: layout_shoals, nicolae_island_escapes, uniq_polyphemus
Shoals:4: shoals_end_hangedman, layout_shoals, serial_shops, shop
Snake:1:  nicolae_snakescales, layout_cave_pods, basic_altar, serial_shops,
          nicolae_shop_behind_doors, uniq_aizul, uniq_nikola
Snake:2:  hangedman_cross_stitches, layout_misc_corridors,
          gammafunk_ghost_arena, serial_bayou_shore_b
Snake:3:  layout_gridlike, ebering_ghost_gozag, grunt_megastairs_4, uniq_kirke,
          uniq_donald
Snake:4:  snake_pit, layout_cave_town, serial_shops, shop
Orc:1:    layout_caves, basic_altar
Orc:2:    st_orc_rangers, layout_caves, serial_shops, shop, shop, uniq_nessos,
          uniq_maurice
Vaults:1: v_rooms_5, v_misc_18, vaults_room_corners, nicolae_vaults_rhombus_6,
          vaults_room_semicircle, ontoclasm_vaults_shuriken,
          vaults_room_ringed_pool, nicolae_vaults_stairing_the_circle,
          hangedman_vaults_restitches, nicolae_vaults_network_star,
          layout_vaults_maze_snakey, serial_shops, shop_fountains,
          nicolae_shop_behind_doors, shop, shop, serial_glass, basic_altar
Vaults:2: v_misc_29, v_alt_pattern_3, nicolae_vaults_what_the_h,
          vaults_room_semicircle, nicolae_vaults_circle_grid_b,
          hangedman_vaults_restitches, hangedman_vaults_slither,
          dpeg_vaults_monster_box, v_misc_5, nicolae_vaults_shelves_hall,
          layout_vaults_omnigrid, basic_altar, uniq_asterion
Vaults:3: hangedman_vaults_variations, vaults_standard_mumra_enter_the_diamond,
          vaults_room_fours, nicolae_vaults_network_square,
          minmay_crypt_entry_simple_round, v_pattern_1, ontoclasm_vaults_eye,
          ontoclasm_vaults_ring_small, v_misc_15, nicolae_vaults_circle_grid_b,
          v_misc_15, vaults_room_fancy_cross, vaults_room_semicircle,
          ontoclasm_vaults_decontamination, layout_vaults_ring, serial_shops,
          bzr_in_the_mist
Vaults:4: v_misc_28, v_alt_pattern_1, hangedman_vaults_hat, v_misc_12,
          nicolae_vaults_big_angled_halls, v_rooms_3, v_misc_22,
          hangedman_vaults_pinch, nicolae_vaults_little_squares_5, v_misc_4,
          ontoclasm_vaults_misaligned, vaults_room_guarded_vault,
          layout_vaults_omnicross, serial_shops, shop, shop,
          nicolae_shop_statue_plus, nicolae_shop_temple_entry_statues_fountains,
          shop
Depths:1: layout_forbidden_donut, tso_metal_star, abyss_entry,
          grunt_mini_vestibule, minmay_crystal_box
Depths:2: kb_forest_paths, layout_gridlike, minmay_misc_feat_room,
          minmay_room_of_horrors, pf_coc_iceberg, serial_shops,
          nicolae_shop_crystal
Depths:3: hangedman_arrow_trap, layout_basic, roderic_lattice_a,
          rand_demon_pan_entry_1, hangedman_geh_valley, minmay_misc_feat_roman
Depths:4: gammafunk_dig_for_victory, layout_long_grid, enter_ziggurat_a,
          hell_entry, abyss_entry, hangedman_decor_points,
          lemuel_nasty_fountain, uniq_saint_roka
Depths:5: evilmike_zot_entry_round, layout_cave_pools, pan_entry,
          serial_column_ruins, column_ruins_open_tiny,
          column_ruins_corridor_dead_end, column_ruins_corridor_straight,
          column_ruins_columns_corner, column_ruins_columns_corner,
          column_ruins_open_small, column_ruins_open_large, hell_entry,
          evilmike_butchery

Skill      XL: |  1  2  3  4  5  6  7  8  9 10 11 12 13 14 15 16 17 18 19 20 21 22 |
---------------+-------------------------------------------------------------------+-----
Fighting       | 4 5 6 7 8 9 10 12 13 14 15 16 17 18 19 21 23 | 23.1
Axes           | 4 6 7 9 10 12 14 15 17 19 21 22 23 24 25 26 27 | 27.0
Armour         | 3 4 5 7 9 10 12 13 14 15 16 17 18 19 20 | 20.7
Dodging        | 3 5 7 8 10 12 13 14 16 | 16.0
Shields        | 3 4 |  4.0
Evocations     | 5 7 |  7.1

Action                   |  1- 3 |  4- 6 |  7- 9 | 10-12 | 13-15 | 16-18 | 19-21 | 22-24 || total
-------------------------+-------+-------+-------+-------+-------+-------+-------+-------++-------
Melee: Hand axe          |    50 |    55 |   250 |    79 |       |       |       |       ||   434
       Headbutt          |     7 |     4 |    50 |   102 |   164 |   173 |   310 |    71 ||   881
       Broad axe         |       |       |       |   394 |   156 |       |       |       ||   550
       Morningstar       |       |       |       |    11 |    39 |       |       |       ||    50
       Battleaxe         |       |       |       |       |   583 |   507 |       |       ||  1090
       Executioner's axe |       |       |       |       |       |   203 |  1190 |   305 ||  1698
       Unarmed           |       |       |       |       |       |     9 |       |       ||     9
Invok: Berserk           |       |     2 |     4 |     7 |    17 |     8 |    10 |     5 ||    53
       Brothers in Arms  |       |       |       |     1 |       |     2 |     2 |       ||     5
Evoke: Wand              |       |       |       |       |       |       |       |     1 ||     1
  Use: Scroll            |       |       |    12 |     7 |     2 |    16 |       |    12 ||    49
       Potion            |       |       |       |     1 |     7 |     9 |     8 |     5 ||    30
 Stab: Petrified         |       |       |       |       |     4 |       |       |       ||     4
       Distracted        |       |       |       |       |       |     2 |       |       ||     2
       Invisible         |       |       |       |       |       |       |     1 |       ||     1
Armor: Animal skin       |    10 |     6 |       |       |       |       |       |       ||    16
       Ring mail         |       |     5 |    60 |   167 |    46 |       |       |       ||   278
       Scale mail        |       |       |       |       |   207 |       |       |       ||   207
       Storm dragon scal |       |       |       |       |    93 |   313 |   425 |    84 ||   915
       Plate armour      |       |       |       |       |       |       |       |    30 ||    30
Dodge: Dodged            |    43 |    36 |   112 |   206 |   559 |   567 |   966 |   246 ||  2735
Block: Buckler           |       |       |     4 |    65 |    41 |       |       |       ||   110

Table legend: (Time is in decaauts)
 A = Elapsed time spent in this place.
 B = Non-inter-level travel time spent in this place.
 C = Inter-level travel time spent in this place.
 D = Time resting spent in this place.
 E = Time spent auto-exploring this place.
 F = Levels seen in this place.
 G = Mean time per level.
                   A        B        C        D        E       F      G
               +--------+--------+--------+--------+--------+-----+--------+
         Total |  54799 |  51251 |   3548 |  12065 |  30684 |  41 | 1336.6 |
       Dungeon |  17546 |  15536 |   2010 |   2274 |  10756 |  15 | 1169.7 |
          Lair |  10192 |   9271 |    921 |   1507 |   6754 |   6 | 1698.7 |
        Shoals |   3157 |   3091 |     66 |   1769 |    538 |   4 |  789.2 |
     Snake Pit |   9173 |   8970 |    203 |   3907 |   3407 |   4 | 2293.2 |
  Orcish Mines |   1990 |   1899 |     91 |    769 |    696 |   2 |  995.0 |
        Vaults |   7287 |   7105 |    182 |    938 |   4981 |   4 | 1821.8 |
        Depths |   4941 |   4867 |     74 |    736 |   3411 |   5 |  988.2 |
         Abyss |    509 |    509 |      0 |    163 |    138 |   1 |  509.0 |
               +--------+--------+--------+--------+--------+-----+--------+

Top non-repeatable levels by time:
 Snake:4: 3518 daAuts
Vaults:2: 2400 daAuts
 Snake:3: 2366 daAuts
  Lair:4: 2049 daAuts
    D:14: 1959 daAuts
  Lair:1: 1767 daAuts
Vaults:4: 1756 daAuts
 Snake:1: 1745 daAuts
  Lair:2: 1720 daAuts
  Lair:6: 1702 daAuts
    D:10: 1670 daAuts
Depths:2: 1652 daAuts
    D:11: 1617 daAuts
    D:13: 1613 daAuts
Vaults:3: 1585 daAuts
